 Dungeon Crawl Stone Soup version 0.17.0-8-gb983d21 (console) character file.

40 2d6 the Charlatan (level 3, -5/21 HPs)
             Began as a Kobold Artificer on Nov 8, 2015.
             Killed by nerve-wracking pain
             ... invoked by Jessica
              (11 damage)
             ... on level 2 of the Dungeon.
             The game lasted 00:10:40 (1313 turns).

2d6 the Charlatan (Kobold Artificer)                Turns: 1313, Time: 00:10:40

Health: -5/21      AC:  5    Str: 10    XL:     3   Next: 72%
Magic:  6/6        EV: 13    Int: 10    God:
Gold:   86         SH:  0    Dex: 16    Spells: 0 memorised, 2 levels left

rFire  . . .     SeeInvis .     o - +0 dagger (speed)
rCold  . . .     Clarity  .     l - +0 ring mail
rNeg   . . .     SustAt   .     (shield restricted)
rPois  .         Gourm    .     (no helmet)
rElec  .         Spirit   .     (no cloak)
rCorr  .         Warding  .     (no gloves)
rMut   .         Stasis   .     (no boots)
MR     .....                    (no amulet)
Stlth  ++........               (no ring)
                                (no ring)

@: not resistant to hostile enchantments, unstealthy
A: carnivore 3
a: no special abilities


You were on level 2 of the Dungeon.
You were very full.

You visited 1 branch of the dungeon, and saw 2 of its levels.

You collected 86 gold pieces.

Inventory:

Hand Weapons
 a - a +0 short sword
 b - a +0 hunting sling
 o - a +0 dagger of speed (weapon)
Missiles
 g - 2 tomahawks (quivered)
 n - 27 stones
Armour
 l - a +0 ring mail (worn)
 p - a +0 leather armour
Jewellery
 r - an uncursed ring of loudness
 s - an uncursed ring of ice
Wands
 c - a wand of flame (12)
 d - a wand of enslavement (14)
 e - a wand of random effects (15)
Scrolls
 h - a scroll of teleportation {unknown}
 i - 4 scrolls of remove curse
 j - a scroll of fog {unknown}
 t - a scroll of identify {unknown}
Potions
 k - a potion of curing {unknown}
 m - a potion of heal wounds
Comestibles
 f - a meat ration
 q - a beef jerky


   Skills:
 + Level 1.8 Fighting
 + Level 2.0 Short Blades
 + Level 0.7 Throwing
 + Level 0.2 Armour
 + Level 2.8 Dodging
 - Level 2.1 Stealth
 + Level 4.1 Evocations


You had 2 spell levels left.
You didn't know any spells.

Dungeon Overview and Level Annotations

Branches:
Dungeon (2/15)

Altars:

Annotations:
D:2 Jessica


Innate Abilities, Weirdness & Mutations

You are small and have problems with some larger weapons.
You are carnivorous and can eat meat at any time.


Message History

You barely miss Jessica.
Jessica is severely wounded.
Jessica barely misses you.
You barely miss Jessica.
Jessica is severely wounded.
Jessica hits you but does no damage.
You barely miss Jessica.
Jessica is severely wounded.
Jessica barely misses you.
You hit Jessica but do no damage.
Jessica is severely wounded.
Jessica says, "Why did you come here?" Jessica hits you.
* * * LOW HITPOINT WARNING * * *
Your ring mail prevents you from hitting Jessica.
Jessica is severely wounded.
Jessica casts a spell at you. Pain shoots through your body!
Ouch! That really hurt!
You die...

#.....#....... .....
#............. ....##
#.....#......#. ....#
#.....[........ ###..####
#..............
#.......###............#.
##........####............
#..........# #............
#..........# #..@@).......
#..........# #............
#..........###............
#.........................
#.........####.......##...
#.........#######.##.# #.
..................# .#
..................# .#
..........).......## #


You could see Jessica.

Vanquished Creatures
  An ooze (D:1)
  A giant gecko (D:1)
  A giant cockroach (D:1)
  6 goblins (D:1)
  7 hobgoblins (D:1)
  4 kobolds (D:1)
  A ball python (D:1)
  4 bats (D:1)
  2 giant newts (D:1)
  2 jackals (D:1)
  2 rats (D:1)
31 creatures vanquished.

Vanquished Creatures (collateral kills)
  A hobgoblin (D:2)
1 creature vanquished.

Grand Total: 32 creatures vanquished

Notes
Turn   | Place    | Note
--------------------------------------------------------------
     0 | D:1      | 2d6 the Kobold Artificer began the quest for the Orb.
     0 | D:1      | Reached XP level 1. HP: 12/12 MP: 3/3
    48 | D:1      | Reached XP level 2. HP: 12/16 MP: 4/4
   526 | D:1      | Reached XP level 3. HP: 16/20 MP: 5/5
   694 | D:1      | Reached skill level 4 in Evocations
  1273 | D:2      | Noticed Jessica
  1313 | D:2      | Killed from afar by Jessica

Action                   || total
-------------------------++-------
Melee: Short sword       ||   100
       Dagger            ||    35
 Fire: Hunting sling     ||     3
Throw: Tomahawk          ||     2
Evoke: Wand              ||     4
  Use: Scroll            ||     1
 Stab: Distracted        ||     1
  Eat: Chunk             ||     9
